Map: [ESL] Oceanborn

Players

Silky

  • Race: Zerg Zerg
  • Spawn Location: 11:00

ShaDoWn - Winner!

  • Race: Protoss Protoss
  • Spawn Location: 5:00

Event: ESL SC2 Masters 2023 Winter (Finals)

VOD

Have the link to the VOD?

Description

Time

  • Played on: Dec. 15, 2023, 3:36 p.m.
  • Length: 11:29

All games in this series

Show
View Real Time Build Order
Export as new Build Order

Silky Zerg 

Build Orders: Hatch First 

Get SALT Encoding   

  12  0:02  Drone  
  13  0:13  Overlord  
  13  0:16  Drone  
  14  0:31  Drone x2  
  16  0:49  Hatchery  
  15  0:52  Drone  
  15  0:56  Drone  
  17  0:59  Drone  
  18  1:10  Extractor  
  17  1:14  Spawning Pool  
  17  1:17  Drone  
  17  1:20  Drone  
  18  1:29  Drone  
  19  1:41  Overlord  
  19  1:52  Drone  
  20  2:01  Queen x2  
  22  2:02  Zergling x2, Drone  
  26  2:12  Zergling x2  
  26  2:13  Drone  
  26  2:14  Metabolic Boost  
  28  2:22  Zergling x2  
  29  2:23  Drone  
  30  2:33  Drone  
  30  2:34  Drone  
  32  2:42  Hatchery  
  31  2:48  Queen  
  33  2:53  Overlord  
  33  2:54  Zergling x2  
  33  2:56  Drone  
  35  3:00  Drone  
  36  3:11  Queen  
  38  3:13  Zergling x2, Overlord  
  38  3:14  Drone  
  40  3:21  Drone x3  
  41  3:36  Zergling x4  
  41  3:37  Drone x2  
  45  3:42  Queen  
  45  3:47  Drone  
  48  3:49  Queen  
  48  3:52  Spore Crawler  
  49  3:59  Drone x4  
  47  4:10  Zergling x2  
  47  4:12  Drone x5  
  47  4:15  Drone  
  53  4:20  Drone x2  
  53  4:22  Spore Crawler  
  54  4:24  Drone  
  54  4:28  Drone  
  54  4:31  Drone x2  
  58  4:33  Overlord  
  55  4:46  Drone x3  
  55  4:48  Overlord  
  55  4:51  Overlord  
  58  4:53  Drone x3  
  58  4:54  Drone x2  
  58  4:56  Zergling x2  
  58  4:59  Zergling x4  
  66  5:06  Drone x2  
  68  5:07  Drone x2  
  68  5:10  Overlord  
  70  5:15  Hatchery  
  70  5:18  Evolution Chamber  
  69  5:21  Drone x4  
  69  5:23  Drone  
  69  5:25  Drone  
  69  5:26  Overlord  
  74  5:30  Roach Warren  
  73  5:43  Lair  
  73  5:45  Extractor  
  73  5:46  Zerg Melee Weapons Level 1, Extractor  
  71  5:51  Drone x3, Overlord  
  71  5:52  Drone x2  
  71  5:53  Drone  
  71  5:54  Hatchery  
  76  5:59  Queen  
  76  6:04  Drone, Overlord  
  78  6:05  Drone x5  
  78  6:10  Zergling x4  
  78  6:11  Zergling x2  
  87  6:13  Extractor  
  87  6:16  Queen  
  87  6:18  Overlord  
  88  6:19  Zergling x6  
  88  6:20  Zergling x2  
  92  6:27  Zergling x14  
  92  6:31  Drone x2  
  92  6:32  Drone  
  102  6:37  Overlord  
  102  6:39  Queen  
  102  6:47  Drone x9  
  102  6:48  Overlord  
  111  6:54  Glial Reconstitution, Spore Crawler  
  111  6:55  Overseer  
  111  6:58  Drone x3, Baneling Nest  
  111  6:59  Drone  
  113  7:04  Zergling x2  
  113  7:05  Zergling x8  
  114  7:09  Queen  
  114  7:13  Roach x4  
  114  7:14  Overlord  
  124  7:23  Roach x4  
  124  7:24  Overlord x2  
  132  7:32  Roach  
  132  7:33  Roach x4  
  132  7:35  Roach  
  142  7:38  Overlord  
  142  7:42  Zerg Melee Weapons Level 2, Centrifugal Hooks  
  142  7:44  Roach x6  
  142  7:48  Overlord  
  152  7:57  Roach x6  
  152  7:58  Roach  
  166  8:01  Zergling x2  
  166  8:02  Zergling x4  
  166  8:04  Overlord x2  
  163  8:11  Spore Crawler  
  163  8:12  Spore Crawler  
  158  8:13  Roach x7  
  158  8:14  Spore Crawler  
  158  8:17  Drone  
  158  8:18  Drone x3  
  173  8:24  Drone x4  
  177  8:29  Overseer  
  177  8:33  Spine Crawler  
  176  8:34  Spine Crawler  
  175  8:43  Zergling x2  
  175  8:44  Zergling x30  
  187  8:53  Baneling x7  
  187  8:58  Baneling x5  
  187  9:00  Overlord x2  
  187  9:01  Overlord  
  187  9:02  Zergling x6  
  190  9:09  Zergling x6  
  189  9:15  Overlord  
  187  9:31  Zergling x32  
  196  9:38  Zergling x16  
  198  9:45  Zergling x6  
  194  9:48  Zergling x4  
  194  9:52  Baneling x33  
  190  9:54  Drone x3  
  190  9:56  Extractor  
  192  10:03  Zergling x8  
  192  10:04  Zergling x4, Extractor  
  197  10:09  Baneling x7  
  197  10:13  Zergling x2  
  198  10:14  Zergling x6  
  198  10:25  Zergling x2  
  198  10:26  Zergling x6  
  193  10:34  Zergling x14  
  179  10:41  Drone x7  
  159  10:44  Zergling x2  
  155  10:50  Baneling x19  
  155  10:51  Baneling  
  155  10:56  Zergling x10  
  142  11:10  Roach  
Show
View Real Time Build Order
Export as new Build Order

ShaDoWn Protoss - Winner!

Build Orders: 1 Gate Expand, Oracle Opening 

Get SALT Encoding   

  12  0:00  Probe  
  13  0:13  Pylon  
  13  0:17  Probe (Chrono Boost)  
  14  0:27  Probe (Chrono Boost)  
  15  0:32  Probe (Chrono Boost)  
  16  0:39  Gateway  
  16  0:44  Probe  
  16  0:49  Assimilator  
  17  0:56  Probe  
  18  1:08  Probe  
  19  1:20  Probe  
  20  1:27  Nexus  
  20  1:34  Cybernetics Core  
  20  1:38  Probe  
  21  1:42  Assimilator  
  21  1:50  Probe  
  21  1:52  Pylon  
  22  2:02  Probe  
  22  2:08  Adept (Chrono Boost)  
  23  2:15  Probe  
  26  2:17  Stargate  
  26  2:27  Probe (Chrono Boost)  
  26  2:28  Adept (Chrono Boost)  
  27  2:32  Warp Gate  
  29  2:38  Probe (Chrono Boost)  
  31  2:45  Probe (Chrono Boost)  
  31  2:48  Probe (Chrono Boost)  
  31  2:50  Adept  
  35  2:52  Probe (Chrono Boost)  
  35  2:53  Probe (Chrono Boost)  
  36  3:03  Oracle (Chrono Boost), Probe  
  40  3:06  Probe  
  40  3:09  Pylon  
  41  3:15  Probe  
  41  3:18  Probe  
  43  3:27  Probe  
  43  3:30  Probe  
  45  3:35  Oracle (Chrono Boost)  
  45  3:39  Gateway, Probe  
  49  3:42  Probe  
  50  3:51  Nexus, Probe  
  50  3:54  Probe  
  52  4:03  Probe  
  52  4:06  Probe  
  52  4:09  Pylon  
  54  4:13  Assimilator  
  54  4:14  Assimilator  
  54  4:16  Probe  
  53  4:18  Probe  
  53  4:22  Forge  
  53  4:24  Twilight Council  
  54  4:28  Oracle, Probe  
  54  4:30  Probe, Pylon  
  59  4:33  Adept  
  61  4:46  Probe  
  61  4:48  Probe  
  61  4:51  Protoss Ground Weapons Level 1 (Chrono Boost), Shield Battery  
  63  4:55  Blink (Chrono Boost)  
  63  4:58  Probe (Chrono Boost)  
  63  4:59  Stalker  
  66  5:00  Stalker  
  66  5:05  Probe (Chrono Boost)  
  70  5:09  Probe (Chrono Boost)  
  70  5:10  Probe (Chrono Boost)  
  70  5:13  Gateway  
  70  5:14  Gateway, Probe x2 (Chrono Boost)  
  72  5:16  Probe  
  74  5:24  Probe x2  
  74  5:26  Gateway  
  74  5:27  Gateway  
  77  5:28  Probe  
  77  5:36  Robotics Facility, Probe x2  
  77  5:40  Probe  
  80  5:43  Pylon  
  80  5:48  Probe x2  
  82  5:52  Probe  
  82  5:55  Pylon  
  82  5:56  Pylon  
  83  5:59  Stalker  
  83  6:01  Probe  
  86  6:07  Pylon  
  86  6:09  Nexus, Pylon, Probe  
  87  6:11  Stalker  
  87  6:12  Stalker  
  87  6:15  Stalker  
  93  6:21  Stalker  
  93  6:23  Probe  
  93  6:25  Observer (Chrono Boost)  
  97  6:27  Assimilator  
  97  6:28  Assimilator  
  97  6:30  Stalker x2  
  97  6:31  Probe  
  102  6:37  Stalker  
  102  6:38  Probe  
  104  6:41  Probe  
  104  6:46  Protoss Ground Weapons Level 2 (Chrono Boost)  
  105  6:49  Robotics Bay  
  105  6:50  Probe  
  105  6:52  Probe  
  105  6:53  Forge  
  107  6:56  Stalker  
  107  6:57  Stalker x3  
  107  7:01  Stalker  
  117  7:02  Probe  
  117  7:08  Warp Prism (Chrono Boost)  
  117  7:09  Probe  
  117  7:10  Charge  
  117  7:11  Pylon  
  117  7:15  Pylon  
  120  7:17  Shield Battery  
  120  7:20  Probe  
  120  7:28  Probe x2  
  120  7:29  Probe  
  123  7:32  Stalker x3  
  123  7:37  Probe  
  130  7:38  Stalker x2  
  130  7:41  Colossus (Chrono Boost)  
  130  7:42  Probe  
  131  7:47  Probe  
  131  7:49  Probe x2  
  131  7:50  Extended Thermal Lance, Protoss Ground Armor Level 1 (Chrono Boost)  
  140  7:54  Probe  
  140  7:57  Assimilator x2  
  141  7:58  Templar Archives  
  141  8:05  Probe  
  141  8:07  Probe  
  141  8:08  Probe  
  138  8:13  Probe  
  138  8:16  Zealot x4  
  138  8:17  Probe  
  138  8:18  Adept x2  
  152  8:26  Gateway  
  153  8:27  Pylon  
  153  8:30  Gateway  
  153  8:32  Pylon  
  153  8:34  Pylon  
  152  8:35  Pylon  
  152  8:42  Colossus (Chrono Boost)  
  152  8:47  Protoss Ground Weapons Level 3 (Chrono Boost)  
  154  8:55  High Templar x5, Gateway  
  154  8:56  Gateway  
  154  8:57  Gateway  
  154  9:01  Archon x2  
  160  9:15  Pylon  
  156  9:21  Stalker x2  
  158  9:27  Colossus (Chrono Boost)  
  158  9:28  Stalker  
  165  9:33  Stalker x4  
  165  9:35  Probe  
  168  9:42  Stalker  
  168  9:45  High Templar  
  164  9:56  Zealot x6  
  164  9:57  Zealot x3  
  182  10:06  Warp Prism (Chrono Boost)  
  182  10:10  Nexus  
  182  10:13  Nexus  
  184  10:14  Pylon  
  184  10:18  Pylon  
  184  10:20  Pylon  
  184  10:22  High Templar x2, Pylon  
  184  10:23  High Templar x4  
  192  10:28  Archon  
  192  10:33  Archon x2, Probe x2  
  169  10:36  Probe  
  169  10:39  Probe  
  156  10:45  High Templar x3, Probe x2  
  156  10:46  Zealot x2  
  156  10:48  Probe  
  169  10:50  Archon  
  169  10:51  Probe  
  169  10:55  Zealot x6  
  169  10:56  Archon  
  173  10:57  Probe x2  
  173  11:00  Probe  
  173  11:02  Pylon  
  173  11:03  Probe  
  167  11:09  Zealot x2, Probe x2  
  167  11:12  Probe  
  167  11:15  Probe  
  167  11:16  Stalker x6  
Tags
 
Add a new tag
Caveats
  • Supply blocks, unpowered buildings, or Contaminate may cause inaccurate times.
  • Supply counts are checked every 10 seconds.